 Dungeon Crawl Stone Soup version 0.17-a0-1951-g62301d3 (webtiles) character file.

16631 brucemayne the Executioner (level 12, -1/101 HPs)
             Began as a Hill Orc Berserker on Oct 2, 2015.
             Was a High Priest of Trog.
             Slain by a deep troll (19 damage)
             ... on level 4 of the Orcish Mines.
             The game lasted 00:47:18 (5721 turns).

brucemayne the Executioner (Hill Orc Berserker)     Turns: 5721, Time: 00:47:18

Health: -1/101     AC: 16    Str: 24    XL:     12   Next: 39%
Magic:  12/12      EV:  8    Int:  7    God:    Trog [*****.]
Gold:   864        SH:  0    Dex: 16    Spells: 0 memorised, 11 levels left

rFire  . . .     SeeInvis .     h - +3 battleaxe (freeze)
rCold  . . .     Clarity  .     y - +1 plate armour
rNeg   . . .     SustAt   .     (no shield)
rPois  .         Gourm    .     b - +0 helmet
rElec  .         Spirit   .     (no cloak)
rCorr  .         Warding  .     w - +0 pair of gloves
rMut   .         Stasis   .     (no boots)
MR     ++...                    (no amulet)
Stlth  ..........               Y - ring of flight
                                E - +5 ring of dexterity

@: exhausted, about to teleport, regenerating, slowed, very slow, very resistant
to hostile enchantments, extremely unstealthy
A: no striking features
a: Burn Spellbooks, Berserk, Trog's Hand, Brothers in Arms, Renounce Religion,
Evoke Flight


You were on level 4 of the Orcish Mines.
You worshipped Trog.
Trog was extremely pleased with you.
You were very hungry.

You visited 3 branches of the dungeon, and saw 17 of its levels.

You collected 864 gold pieces.

Inventory:

Hand weapons
 h - a +3 battleaxe of freezing (weapon)
 m - a cursed +2 hand axe of electrocution
 B - a +1 battleaxe
 D - a +0 war axe
 M - the +9 whip of the Eternal Warrior {flame, rF+}
   (You found it on level 10 of the Dungeon)

   It has been specially enchanted to burn those struck by it, causing extra
   injury to most foes and up to half again as much damage against particularly
   susceptible opponents.
   It protects you from fire.
Missiles
 i - a throwing net
 l - 9 tomahawks (quivered)
 P - 3 silver javelins
Armour
 b - a +0 helmet (worn)
 n - a +0 shield
 w - a +0 pair of gloves (worn)
 y - a +1 plate armour (worn)
Jewellery
 E - a +5 ring of dexterity (left hand)
 U - an uncursed ring of wizardry
 Y - a ring of flight (right hand)
Magical devices
 a - a wand of confusion (21)
 z - a wand of confusion (14)
 S - a wand of hasting (2)
 T - a wand of magic darts (28)
 V - a wand of digging (20)
 W - a wand of magic darts (18)
 X - a wand of polymorph (4)
Scrolls
 g - a scroll of remove curse
 u - a scroll of enchant weapon
 J - a scroll of enchant armour
Potions
 d - 2 potions of curing
 e - 2 potions of ambrosia
 f - a potion of magic
 j - a potion of lignification
 k - 2 potions of might
 r - 3 potions of heal wounds {unknown}
 s - 4 potions of flight {unknown}
 C - 2 potions of degeneration {unknown}
 F - a potion of mutation {unknown}
 H - a potion of brilliance {unknown}
 L - a potion of poison {unknown}
 N - a potion of cancellation {unknown}
Miscellaneous
 Q - a legendary deck of changes
Comestibles
 c - 6 bread rations
 o - 10 chunks of flesh
 v - 6 royal jellies
 A - 3 meat rations
 K - 5 fruits


   Skills:
 - Level 7.9 Fighting
 + Level 21.1 Axes
 - Level 7.2 Armour
 - Level 1.5 Dodging


You had 11 spell levels left.
You didn't know any spells.

Dungeon Overview and Level Annotations

Branches:
Dungeon (12/15)            Temple (1/1) D:7             Orc (4/4) D:9
    Elf (0/3) Orc:3
   Lair: D:8-11

Altars:
Ashenzari
Cheibriados
Dithmenos
Elyvilon
Gozag
Kikubaaqudgha
Okawaru
Qazlal
Ru
Trog
Yredelemnul
Zin

Shops:
D:4 *   D:7 :   D:8 %   Orc:2 ?

Portals:
Trove: D:11 (give 23 scrolls of identify)


Message History

You kill the iron troll!
Trog accepts your kill.
You barely miss the ogre.
The ogre is almost dead.
You barely miss the deep troll.
Your ogre completely misses the ogre.
The ogre barely misses you.
Your ogre hits the ogre with a giant club!!
The ogre dies!
Trog accepts your kill.
You feel a strong urge to attack something.
You are no longer berserk.
You are exhausted.
You feel yourself slow down.
You are feeling very hungry.
Read which item? (? for menu, Esc to quit)
As you read the scroll of teleportation, it crumbles to dust.
You feel strangely unstable.
Your ogre rages.
The deep troll bites you!!
You die...

#.##.........
####.#.##.....
##.....#.#.....
##.....#......#.
##...............
#...)............
###................
###..O...............
#...@T.#.............
#......$..............
##.#....#.............
# ##.####.#.#....##..
### ######## ###


You could see a deep troll and a friendly ogre (berserk).

Vanquished Creatures
  A hydra (D:11)
  Erolcha (D:12)
  An iron troll (Orc:4)
  2 unseen horrors
  4 hill giants
  4 ugly things
  A cyclops (D:12)
  A manticore (D:11)
  A centaur zombie (D:10)
  The ghost of brucemayne the Cleaver, an experienced HOBe of Trog (D:6)
  6 centaur skeletons
  A kobold demonologist (D:12)
  3 trolls
  A trapdoor spider (D:9)
  9 yaks
  A shadow (D:11)
  2 hungry ghosts
  A hippogriff (D:10)
  A warg (Orc:2)
  3 orc warriors
  3 ogres
  A sky beast (D:11)
  4 ice beasts
  2 phantoms
  A black bear (D:8)
  A necrophage (D:9)
  A crocodile (D:9)
  4 centaurs
  3 giant frogs
  A brain worm (D:12)
  2 gnoll sergeants
  3 scorpions
  2 spriggan skeletons (D:9)
  11 wights
  A wasp zombie (D:12)
  3 crimson imps
  11 orc priests
  2 giant frog zombies
  6 hounds
  A gnoll shaman (D:5)
  A quasit (D:12)
  8 orc wizards
  3 giant frog skeletons
  4 jellies
  3 iguanas
  9 worker ants
  A worker ant zombie (D:11)
  14 gnolls
  8 adders
  2 river rats (D:9)
  An ooze (D:2)
  The ghost of Duffy the Ruffian, a weakling GrMo (D:4)
  4 giant geckos
  75 orcs
  A bat zombie (D:4)
  3 giant cockroaches
  5 jackals
  6 quokkas
  A ball python (D:2)
  10 bats
  A giant newt (D:2)
  4 kobolds
  2 quokka skeletons (D:4)
  A quokka zombie (D:7)
  8 rats
  2 rat zombies (D:4)
286 creatures vanquished.

Vanquished Creatures (collateral kills)
  A troll (Orc:4)
  An ogre (Orc:4)
2 creatures vanquished.

Grand Total: 288 creatures vanquished

Notes
Turn   | Place    | Note
--------------------------------------------------------------
     0 | D:1      | brucemayne the Hill Orc Berserker began the quest for the Orb.
     0 | D:1      | Reached XP level 1. HP: 19/19 MP: 1/1
    43 | D:2      | Reached XP level 2. HP: 25/26 MP: 2/2
    62 | D:2      | Found a sacrificial altar of Ru.
    90 | D:2      | Found a basalt altar of Yredelemnul.
    97 | D:2      | Reached skill level 5 in Axes
   161 | D:2      | Found an iron altar of Okawaru.
   232 | D:2      | Reached XP level 3. HP: 25/31 MP: 3/3
   305 | D:3      | Acquired Trog's second power
   371 | D:4      | Found Hiatiel's General Store.
   409 | D:4      | Noticed a scorpion
   416 | D:4      | Killed a scorpion
   416 | D:4      | Reached skill level 6 in Axes
   416 | D:4      | Reached XP level 4. HP: 39/39 MP: 4/4
   472 | D:4      | Reached skill level 7 in Axes
   472 | D:4      | Reached XP level 5. HP: 24/45 MP: 5/5
   511 | D:5      | Entered Level 5 of the Dungeon
   585 | D:4      | Noticed Duffy's ghost (weakling GrMo)
   613 | D:4      | Killed Duffy's ghost
   722 | D:4      | Found an ancient bone altar of Kikubaaqudgha.
   848 | D:4      | Reached skill level 8 in Axes
   993 | D:5      | Reached XP level 6. HP: 51/51 MP: 6/6
   998 | D:5      | Reached skill level 9 in Axes
  1106 | D:6      | Noticed brucemayne's ghost (experienced HOBe)
  1123 | D:6      | Killed brucemayne's ghost
  1123 | D:6      | Reached skill level 10 in Axes
  1123 | D:6      | Reached XP level 7. HP: 17/57 MP: 7/7
  1240 | D:7      | Found Zepa's Book Boutique.
  1276 | D:7      | Found a staircase to the Ecumenical Temple.
  1301 | D:7      | Reached skill level 11 in Axes
  1323 | Temple   | Entered the Ecumenical Temple
  1655 | D:8      | Reached skill level 12 in Axes
  1655 | D:8      | Reached XP level 8. HP: 64/64 MP: 8/8
  1807 | D:8      | Found Seshrel's Food Shop.
  1854 | D:8      | Reached skill level 13 in Axes
  1993 | D:8      | Noticed a hungry ghost
  2016 | D:8      | Killed a hungry ghost
  2047 | D:8      | Reached skill level 14 in Axes
  2047 | D:8      | Reached XP level 9. HP: 45/72 MP: 9/9
  2162 | D:8      | Reached skill level 5 in Fighting
  2339 | D:10     | Entered Level 10 of the Dungeon
  2345 | D:10     | Got a sapphire whip
  2352 | D:10     | Identified the +9 whip of the Eternal Warrior {flame, rF+} (You found it on level 10 of the Dungeon)
  2692 | D:11     | Noticed a brown ugly thing
  2707 | D:11     | Killed a brown ugly thing
  2707 | D:11     | Reached skill level 15 in Axes
  2741 | D:11     | Found a portal to a secret trove of treasure.
  2801 | D:12     | Noticed a cyclops
  2847 | D:11     | Noticed a green ugly thing
  2874 | D:11     | Noticed a centaur skeleton
  2876 | D:11     | Killed a green ugly thing
  2876 | D:11     | Reached skill level 16 in Axes
  2876 | D:11     | Reached XP level 10. HP: 52/83 MP: 10/10
  2886 | D:11     | Killed a centaur skeleton
  3011 | D:11     | Noticed a six-headed hydra
  3190 | D:11     | Killed a six-headed hydra
  3190 | D:11     | Reached skill level 5 in Armour
  3296 | D:11     | Noticed a hill giant
  3316 | D:11     | Killed a hill giant
  3433 | D:12     | Killed a cyclops
  3537 | D:12     | Noticed Erolcha
  3546 | D:12     | Killed Erolcha
  3546 | D:12     | Reached skill level 17 in Axes
  3587 | D:12     | Noticed a white ugly thing
  3588 | D:12     | Noticed a centaur skeleton
  3589 | D:12     | Noticed a kobold demonologist
  3599 | D:12     | Killed a white ugly thing
  3599 | D:12     | Reached XP level 11. HP: 36/94 MP: 11/11
  3604 | D:12     | Killed a centaur skeleton
  3609 | D:12     | Killed a kobold demonologist
  3647 | D:12     | Noticed a centaur skeleton
  3654 | D:12     | Killed a centaur skeleton
  3797 | D:12     | Reached skill level 18 in Axes
  3936 | D:12     | Killed an unseen horror
  4104 | D:11     | Noticed a hill giant
  4111 | D:11     | Killed a hill giant
  4111 | D:11     | Acquired Trog's third power
  4146 | D:11     | Noticed a manticore
  4155 | D:11     | Killed a manticore
  4155 | D:11     | Reached skill level 19 in Axes
  4232 | D:11     | Noticed a purple ugly thing
  4245 | D:11     | Killed a purple ugly thing
  4269 | D:10     | Killed an unseen horror
  4403 | D:10     | Noticed a centaur zombie
  4414 | D:10     | Killed a centaur zombie
  4675 | D:10     | Noticed a hill giant
  4683 | D:10     | Killed a hill giant
  4683 | D:10     | Reached skill level 20 in Axes
  4712 | D:10     | Noticed a hill giant
  4722 | D:10     | Killed a hill giant
  4722 | D:10     | Reached XP level 12. HP: 51/101 MP: 12/12
  5034 | D:9      | Found an opulent altar of Gozag.
  5183 | D:9      | Found a staircase to the Orcish Mines.
  5189 | Orc:1    | Entered Level 1 of the Orcish Mines
  5253 | Orc:2    | Found Itrustro's Magic Scroll Shoppe.
  5387 | Orc:3    | Found a staircase to the Elven Halls.
  5480 | Orc:4    | Entered Level 4 of the Orcish Mines
  5488 | Orc:4    | Received a gift from Trog
  5622 | Orc:4    | Reached skill level 21 in Axes
  5721 | Orc:4    | Slain by a deep troll

Vault maps used:
D:1:      dpeg_arrival_arbitrary_b, kennysheep_nondescript
D:2:      old_standard_altar, nicolae_ru_sacrificial_ziggurat,
          old_standard_altar, first_bread, okawaru_gym_becter
D:3:      vehumet_crystals, gammafunk_temple_overflow_elements
D:4:      lemuel_doored_altar, lemuel_zombie_altar_kikubaaqudgha, serial_shops,
          kennysheep_mini_moat
D:5:      lemuel_coloured_pillars_altar
D:6:      uniq_menkaure, uniq_grinder
D:7:      tso_altar, minmay_temple_entry_trees, serial_shops,
          nicolae_shop_statue_plus
D:8:      serial_shops, nicolae_shop_trees
D:9:      old_forge, old_standard_altar, grunt_lair_entry_elf_guard_hut,
          orc_0_dummy, hangedman_tell_no_tales
D:11:     nicolae_trove_entry_crystal, uniq_erolcha
D:12:     erik_rubicon_b
Temple:   nicolae_temple_no_exploring_needed
Orc:1:    serial_shops, shop
Orc:2:    serial_shops, nicolae_shop_window_shopping
Orc:3:    nicolae_orc_pool_cavern
Orc:4:    st_orc_open, serial_shops, shop

Action                   |  1- 3 |  4- 6 |  7- 9 | 10-12 || total
-------------------------+-------+-------+-------+-------++-------
Melee: Hand axe          |    45 |   110 |    49 |       ||   204
       War axe           |       |       |   249 |    69 ||   318
       Whip              |       |       |       |     9 ||     9
       Battleaxe         |       |       |       |   354 ||   354
Invok: Berserk           |     3 |     4 |     8 |    10 ||    25
       Trog's Hand       |       |       |     3 |    13 ||    16
       Brothers in Arms  |       |       |       |     1 ||     1
Evoke: Wand              |       |       |     2 |     2 ||     4
  Use: Scroll            |       |     4 |     1 |    13 ||    18
       Potion            |       |       |       |     1 ||     1
 Stab: Distracted        |       |       |       |     1 ||     1
  Eat: Chunk             |       |     2 |    15 |    20 ||    37
       Meat ration       |       |     1 |     1 |       ||     2
       Beef jerky        |       |       |     1 |       ||     1
       Fruit             |       |       |       |     1 ||     1
       Pizza             |       |       |       |     1 ||     1
       Bread ration      |       |       |       |     1 ||     1
